Map: Thunderbird LE

Players

Andwhatnot - Winner!

  • Race: Zerg Zerg
  • League: Platinum
  • Spawn Location: 11:00

pHARM

  • Race: Zerg Zerg
  • League: Platinum
  • Spawn Location: 5:00

VOD

Have the link to the VOD?

Description

Time

  • Played on: Sept. 1, 2019, 8:40 a.m.
  • Length: 7:33
Show
View Real Time Build Order
Export as new Build Order

Andwhatnot Zerg - Winner!

Build Orders: Hatch First 

Get SALT Encoding   

  12  0:01  Drone  
  13  0:12  Overlord  
  13  0:16  Drone  
  14  0:31  Drone x2  
  14  0:35  Drone  
  17  0:54  Hatchery  
  17  0:55  Drone  
  17  1:11  Spawning Pool  
  17  1:12  Drone  
  17  1:15  Drone  
  17  1:18  Drone  
  19  1:29  Overlord  
  19  1:35  Extractor  
  19  1:39  Drone  
  19  1:51  Drone  
  20  1:58  Queen  
  20  2:01  Drone  
  23  2:06  Queen  
  23  2:07  Drone  
  26  2:17  Drone  
  26  2:18  Drone  
  28  2:25  Drone  
  28  2:28  Drone  
  30  2:36  Drone  
  31  2:38  Lair  
  31  2:39  Drone  
  32  2:45  Queen  
  32  2:46  Overlord  
  34  2:54  Overlord  
  34  2:55  Drone  
  35  3:01  Drone  
  35  3:05  Drone  
  37  3:13  Drone x4  
  37  3:19  Roach Warren  
  40  3:20  Drone x2  
  40  3:21  Drone  
  40  3:25  Extractor  
  42  3:27  Drone  
  42  3:33  Drone  
  44  3:40  Extractor  
  43  3:44  Evolution Chamber, Drone  
  43  3:49  Overlord  
  43  3:52  Drone  
  44  4:01  Overlord  
  44  4:02  Glial Reconstitution  
  44  4:08  Drone x2  
  44  4:09  Drone  
  47  4:10  Zerg Missile Weapons Level 1  
  47  4:15  Drone x2  
  47  4:16  Hydralisk Den  
  48  4:17  Drone  
  48  4:18  Drone  
  50  4:36  Drone x3  
  50  4:38  Roach x3  
  59  4:41  Hatchery  
  58  4:49  Drone x2  
  60  4:53  Muscular Augments  
  60  4:56  Overlord  
  59  5:10  Overlord  
  59  5:16  Infestation Pit  
  59  5:21  Evolution Chamber  
  57  5:28  Hydralisk  
  57  5:29  Hydralisk x6, Spine Crawler  
  57  5:30  Overlord  
  57  5:31  Spine Crawler  
  69  5:43  Overlord, Drone x2, Extractor  
  69  5:47  Extractor  
  69  5:49  Drone  
  70  5:59  Roach x4  
  70  6:01  Drone  
  70  6:02  Queen  
  70  6:03  Drone  
  82  6:16  Hydralisk x3  
  84  6:21  Hydralisk  
  84  6:24  Overlord  
  84  6:28  Hydralisk  
  84  6:30  Overlord  
  86  6:34  Drone x4  
  90  6:44  Drone x2  
  90  6:45  Drone x3  
  95  6:51  Hydralisk  
  95  6:52  Roach  
  99  7:00  Hydralisk  
  105  7:01  Roach x2  
  105  7:11  Extractor  
  104  7:16  Spine Crawler  
Show
View Real Time Build Order
Export as new Build Order

pHARM Zerg 

Build Orders: Hatch First 

Get SALT Encoding   

  12  0:01  Drone  
  13  0:12  Overlord  
  13  0:19  Drone  
  14  0:31  Drone x2  
  16  0:53  Hatchery  
  16  0:57  Drone x2  
  16  1:00  Drone  
  18  1:15  Drone  
  19  1:19  Spawning Pool  
  18  1:30  Drone x2  
  20  1:44  Drone, Extractor  
  20  2:00  Overlord  
  20  2:07  Queen  
  22  2:08  Queen  
  22  2:14  Drone x3  
  27  2:21  Drone  
  28  2:26  Drone  
  29  2:31  Drone  
  30  2:40  Drone x2  
  32  2:50  Drone x2  
  34  2:56  Overlord  
  34  3:03  Drone  
  34  3:05  Metabolic Boost  
  35  3:14  Drone x2, Queen  
  35  3:19  Overlord  
  39  3:24  Lair  
  39  3:36  Evolution Chamber  
  39  3:37  Evolution Chamber  
  39  3:38  Drone x6  
  39  3:39  Roach Warren  
  42  3:51  Extractor  
  42  3:52  Extractor  
  40  4:03  Zerg Missile Weapons Level 1  
  40  4:05  Drone x7  
  47  4:19  Drone x2  
  47  4:20  Drone  
  50  4:27  Glial Reconstitution  
  50  4:34  Overlord x2  
  50  4:35  Overlord  
  50  4:59  Hatchery  
  49  5:09  Roach x2  
  49  5:10  Roach x11  
  75  5:38  Overlord x3  
  53  6:26  Drone x9  
  53  6:27  Drone x3  
  65  6:51  Roach x5  
  71  6:56  Roach x2  
  71  6:57  Roach x3  
  78  7:08  Roach x2  
Tags
 
Add a new tag
Caveats
  • Supply blocks, unpowered buildings, or Contaminate may cause inaccurate times.
  • Supply counts are checked every 10 seconds.